[Event "3. kolo JP družstev 2019/2020"]
[Site "Jesenik, Czech Republic"]
[Date "2019.11.09"]
[Round "1.1"]
[White "Valicek, Martin JES_D"]
[Black "Tschulik, Daniel JES_F"]
[Result "1-0"]
[TimeControl "3600+10"]
[WhiteElo "1390"]
[BlackElo "1000"]

1. e4 e5 2. Nc3 Bc5 3. g3 d6 4. Bg2 Nf6 5. Nge2 O-O 6. O-O h6 7. d4 Bxd4 8. Nxd4 exd4 9. Qxd4 Nc6 10.
Qd2 Bd7 11. b3 Qe7 12. Bb2 Qe6 13. Rae1 Rae8 14. Nd5 Nxe4 15. Bxe4 Qg4 16. f3 Qh5 17. Qc3 Qg5 18. Kg2 Ne5 19.
h4 Qh5 20. Nf4 Qxf3+ 21. Rxf3 Bg4 22. Rfe3 b5 23. a3 Re7 24. Bd5 Kh8 25. Rxe5 dxe5 26. Rxe5 Be6 27. Rxe6 Rg8 28. Rxe7 c6 29.
Be4 b4 30. Qxg7+ Rxg7 31. Re8# 1-0

[Event "3. kolo JP družstev 2019/2020"]
[Site "Jesenik, Czech Republic"]
[Date "2019.11.09"]
[Round "1.2"]
[White "Vanicek, Daniel JES_F"]
[Black "Dockal, Karel ml. JES_D"]
[Result "0-1"]
[TimeControl "3600+10"]
[WhiteElo "1000"]
[BlackElo "1405"]

1. e4 e6 2. d4 d5 3. e5 c5 4. c3 Qa5 5. Bd2 Qb6 6. Nf3 Qxb2 7. Na3 Qxa3 8. Bd3 cxd4 9. cxd4 Bb4 10.
Bxb4 Qxb4+ 11. Nd2 Nc6 12.
O-O Nxd4 13. Nb3 Nxb3 14. axb3 f6 15. exf6 Nxf6 16. Re1 O-O 17. Ra4 Qc5 18. Rh4 Ne4 19. Bxe4 Qxf2+ 20. Kh1 Qxh4 21.
Bxh7+ Qxh7 22. h3 Rf2 23. Rf1 Rxf1+ 24. Qxf1 Bd7 25. b4 Rf8 26.
Qg1 Qf5 27. Kh2 Qf4+ 28. Kh1 Qf1 29. Qxf1 Rxf1+ 30. Kh2 d4 31.
Kg3 d3 32. h4 d2 33. h5 d1=Q 34. h6 Qd3+ 35. Kh2 Qh7 36. g4 Qxh6+ 37. Kg2 Rf8 38. g5 Qxg5+ 39. Kh3 Rf6 40. Kh2 Rh6# 0-1

[Event "3. kolo JP družstev 2019/2020"]
[Site "Jesenik, Czech Republic"]
[Date "2019.11.09"]
[Round "1.3"]
[White "Dockal, Karel st. JES_D"]
[Black "Vanicek, Vojtech JES_F"]
[Result "1/2-1/2"]
[TimeControl "3600+10"]
[WhiteElo "1000"]
[BlackElo "1000"]

1. e4 e5 2. Nc3 Nf6 3. Nf3 Nc6 4. Bc4 Bc5 5. O-O O-O 6. d3 d6 7. Bg5 h6 8. Bxf6 Qxf6 9. Nd5 Qd8 10.
c3 a6 11. b4 Ba7 12. a4 a5 13. b5 Ne7 14. d4 exd4 15. cxd4 Be6 16. Nxe7+ Qxe7 17. d5 Bg4 18. h3 Bxf3 19.
Qxf3 Rac8 20. Rac1 c6 21. dxc6 bxc6 22. bxc6 Rxc6 23. Bd5 Rxc1 24. Rxc1 Qe5 25. Rc7 Qa1+ 26. Kh2 Qe5+ 27. g3 Bb6 28.
Rxf7 Rxf7 29. Bxf7+ Kf8 30. Bg6+ Qf6 31. Qxf6+ gxf6 32. f4 Kg7 33. f5 Bf2 34. g4 Be3 35. Kg2 Kf8 36. Kf3 Bb6 37. Kf4 Ke7 38. h4 Bd4 39. Kf3 1/2-1/2

[Event "3. kolo JP družstev 2019/2020"]
[Site "Jesenik, Czech Republic"]
[Date "2019.11.09"]
[Round "1.4"]
[White "Pojmon, Lukas JES_F"]
[Black "Ondracek, Daniel JES_D"]
[Result "1-0"]
[TimeControl "3600+10"]
[WhiteElo "1000"]
[BlackElo "1000"]

1. e4 e5 2. Bc4 Bb4 3. Qh5 Qe7 4. c3 Ba5 5. Nf3 Nf6 6. Qg5 Nxe4 7. Qf5 Nd6 8. Qd3 a6 9. O-O O-O 10.
Qe3 b5 11. Bd3 b4 12. cxb4 Bxb4 13. Bc2 Nc4 14. Qd3 Nd6 15. Qxh7# 1-0

[Event "3. kolo JP družstev 2019/2020"]
[Site "Jesenik, Czech Republic"]
[Date "2019.11.09"]
[Round "1.5"]
[White "Ondrackova, Veronika JES_D"]
[Black "Vanicek, Matyas JES_F"]
[Result "1-0"]
[TimeControl "3600+10"]
[WhiteElo "1000"]
[BlackElo "1000"]

1. e4 e5 2. Nf3 Nc6 3. Bc4 Nf6 4.
O-O Bc5 5. Nc3 O-O 6. Re1 d6 7.
d3 Bg4 8. Bg5 Bxf3 9. Qxf3 h6 10.
Bxf6 gxf6 11. Qg3+ Kh8 12. Qf3 Nb4 13. Rac1 Rg8 14. Bxf7 Rf8 15. Qh5 Qe7 16. Qxh6# 1-0

[Event "3. kolo JP družstev 2019/2020"]
[Site "Jesenik, Czech Republic"]
[Date "2019.11.09"]
[Round "1.6"]
[White "Cimburek, Jan RET_B"]
[Black "Gvizdova, Michala JES_E"]
[Result "1-0"]
[TimeControl "3600+10"]
[WhiteElo "1638"]
[BlackElo "1185"]

1. c4 e5 2. Nc3 Bb4 3. g3 Bxc3 4. dxc3 Nf6 5. Bg2 d6 6. Nf3 Nc6 7. O-O Be6 8. b3 Qd7 9. Bg5 Ne4 10.
Qc1 h6 11. Be3 O-O-O 12. Nxe5 Nxe5 13. Bxe4 f5 14. Bg2 Kb8 15. c5 Rhg8 16. cxd6 cxd6 17. c4 g5 18. c5 Rc8 19. Qa3 f4 20.
Bd4 Nc6 21. Bxc6 Qxc6 22. cxd6 Rcf8 23. Qxa7+ Kc8 24. Rac1 Qxc1 25. Rxc1+ Kd8 26. Qb8+ Kd7 27. Qc7+ Ke8 28. Qe7# Bc8 1-0

[Event "3. kolo JP družstev 2019/2020"]
[Site "Jesenik, Czech Republic"]
[Date "2019.11.09"]
[Round "1.7"]
[White "Tschulikova, Dominika JES_E"]
[Black "Cupr, Radomir RET_B"]
[Result "0-1"]
[TimeControl "3600+10"]
[WhiteElo "1094"]
[BlackElo "1556"]

1. e4 c5 2. Bc4 d6 3. d3 e6 4. Qe2 Bd7 5. Nc3 a6 6. a3 b5 7. Ba2 Be7 8. Be3 Nc6 9. Nf3 Bf6 10.
Bd2 Nge7 11. O-O O-O 12. Nd1 Ng6 13. Bc3 Bxc3 14. Nxc3 Nge5 15. Nxe5 Nxe5 16. f4 Nc6 17. Nd1 Qb6 18.
c3 Rae8 19. Nf2 Kh8 20. Nh3 c4+ 21. Kh1 d5 22. d4 f6 23. exd5 exd5 24. Qh5 g6 25. Qh6 Ne7 26. Rae1 Nf5 27.
Qxf8+ Rxf8 28. Bb1 Qc6 29. g3 Ng7 30. Nf2 Re8 31. Nd1 Bf5 32. Ba2 Bh3 33. Rg1 Re4 34. Bb1 Rxe1 35. Rxe1 Bf5 36. Ne3 Bxb1 37. Rxb1 Nf5 38. Re1 Nxe3 39. Rxe3 Qd7 40. Kg2 Kg7 41. Kf3 Kf7 0-1

[Event "3. kolo JP družstev 2019/2020"]
[Site "Jesenik, Czech Republic"]
[Date "2019.11.09"]
[Round "1.8"]
[White "Frkan, Pavel RET_B"]
[Black "Morongova, Gabriela JES_E"]
[Result "1-0"]
[TimeControl "3600+10"]
[WhiteElo "1497"]
[BlackElo "1234"]

1. Nf3 Nc6 2. c4 e5 3. Nc3 Bb4 4. Nd5 Nf6 5.
Nxb4 Nxb4 6. Nxe5 O-O 7. a3 d6 8. Nf3 Nc6 9. e3 Ne5 10. d4 Nxf3+ 11. Qxf3 Bg4 12. Qxb7 c6 13. h3 Ne4 14.
hxg4 Qa5+ 15. b4 Qa4 16. Bd3 Nc3 17. Bxh7+ Kh8 18. Bc2+ Kg8 19. Bxa4 Nxa4 20. Qe7 d5 21. Qh4 f6 22.
cxd5 cxd5 23. Qh7+ Kf7 24. Qh5+ Ke7 25. Qxd5 Nb6 26. Qb7+ Ke6 27. f4 f5 28. Qxg7 Nc4 29. Rh6+ Kd5 30.
Qb7# Rg8 1-0

[Event "3. kolo JP družstev 2019/2020"]
[Site "Jesenik, Czech Republic"]
[Date "2019.11.09"]
[Round "1.9"]
[White "Kotrcova, Alena JES_E"]
[Black "Turon, Emil RET_B"]
[Result "1-0"]
[TimeControl "3600+10"]
[WhiteElo "1000"]
[BlackElo "1500"]

1. e4 e5 2. Nf3 Nc6 3. Nc3 Nf6 4. Bb5 Ne7 5. Nxe5 c6 6. Bc4 d5 7. Bb3 Be6 8. Qf3 Qc7 9. d4 h6 10.
O-O c5 11. Bf4 Qd8 12. dxc5 Nc6 13. Rad1 d4 14. Bxe6 fxe6 15. Ng6 Rg8 16. e5 Nd5 17. Ne4 Qa5 18. Nd6+ Kd7 19. Nxb7 Qb4 20.
Qb3 Rb8 21. Qxb4 Ndxb4 22. Nd6 Nxa2 23. b3 Nab4 24. c4 dxc3 25. Ne4+ Nd5 26. Nxc3 Bxc5 27. Nxd5 Rgd8 28. Nf6+ Kc7 29. Rxd8 Rxd8 30. Ne4 Bb6 31.
Be3 Bd4 32. Rd1 1-0

[Event "3. kolo JP družstev 2019/2020"]
[Site "Jesenik, Czech Republic"]
[Date "2019.11.09"]
[Round "1.10"]
[White "Sulek, Stefan RET_B"]
[Black "Tschulikova, Sara JES_E"]
[Result "0-1"]
[TimeControl "3600+10"]
[WhiteElo "1000"]
[BlackElo "1163"]

1. e4 e5 2. Nf3 Nc6 3. g3 Nf6 4. Nc3 Bc5 5. d4 exd4 6. Ne2 d6 7. Bg2 O-O 8. O-O Bg4 9. Bg5 Re8 10.
Nexd4 Bxd4 11. c3 Bb6 12. Qc2 Ne5 13. Nxe5 dxe5 14. Rad1 Qe7 15. Rd2 h6 16. Bxf6 Qxf6 17. h3 Be6 18.
b3 Rad8 19. a4 a6 20. b4 Bc4 21. Rfd1 c6 22. Rd7 Rxd7 23. Rxd7 Rb8 24. Bf1 Be6 25. Rd6 Rd8 26. Rxd8+ Qxd8 27.
Kg2 Qf6 28. f3 Qg5 29. h4 Qe3 30. c4 Qg1# 0-1

[Event "3. kolo JP družstev 2019/2020"]
[Site "Jesenik, Czech Republic"]
[Date "2019.11.09"]
[Round "1.12"]
[White "Macik, Milan SKO"]
[Black "Basler, Jan RET_C"]
[Result "1/2-1/2"]
[TimeControl "3600+10"]
[WhiteElo "1570"]
[BlackElo "1277"]

1. d4 d5 2. e3 Nf6 3. c4 e6 4. Nc3 Bb4 5. Nf3 Nc6 6. a3 Bxc3+ 7. bxc3 O-O 8. Bd3 Re8 9. Ne5 dxc4 10.
Nxc6 Qd5 11. Qf3 Qxf3 12. gxf3 cxd3 13. Ne5 Nd5 14. Bd2 f6 15. Nxd3 Bd7 16. f4 Bb5 17. Nb4 c6 18. f3 a5 19.
Nxd5 exd5 20. Kf2 Re7 21. h4 Rae8 22. Rag1 Kf7 1/2-1/2

[Event "3. kolo JP družstev 2019/2020"]
[Site "Jesenik, Czech Republic"]
[Date "2019.11.09"]
[Round "1.13"]
[White "Skypala, Erik RET_C"]
[Black "Valak, Josef SKO"]
[Result "0-1"]
[TimeControl "3600+10"]
[WhiteElo "1238"]
[BlackElo "1696"]

1. d4 d5 2. c4 c6 3. Nc3 e6 4. a4 Be7 5. Nf3 Nd7 6. e3 Ngf6 7. b3 O-O 8. Bd3 b6 9. Ba3 Bxa3 10. Rxa3 Qe7 11. Ra1 Qb4 12. Qc2 h6 13. O-O a5 14.
Ne5 Nxe5 15. dxe5 Nd7 16. f4 Qc5 17. Rae1 Nb8 18. Rf3 Na6 19. Rh3 Nb4 20. Qb1 Nxd3 21. Qxd3 Ba6 22. Qc2 Rad8 23.
Rf1 f5 24. Rd1 dxc4 25. bxc4 Bxc4 26. Ne2 Rxd1+ 27. Qxd1 Bxe2 28.
Qxe2 Qc1+ 29. Kf2 Rd8 30. Kg3 Rd2 31. Qh5 Qe1+ 0-1

[Event "3. kolo JP družstev 2019/2020"]
[Site "Jesenik, Czech Republic"]
[Date "2019.11.09"]
[Round "1.14"]
[White "Hlasny, Karel SKO"]
[Black "Robotka, Tobias RET_C"]
[Result "1-0"]
[TimeControl "3600+10"]
[WhiteElo "1000"]
[BlackElo "1100"]

1. d4 d5 2. c4 dxc4 3. e3 Nf6 4. Bxc4 Bf5 5. Nf3 e6 6.
O-O Bb4 7. a3 Be7 8. Nc3 Nc6 9. Re1 Bg4 10. h3 Bxf3 11.
Qxf3 e5 12. Bb5 exd4 13. Bxc6+ bxc6 14. Qxc6+ Nd7 15. exd4 O-O 16. Bf4 Bd6 17. Bxd6 cxd6 18. Qxd6 Qc8 19.
Nd5 Re8 20. Ne7+ Rxe7 21. Rxe7 Nf8 22. Qf4 f6 23. d5 Ng6 24. Rc1 Qxc1+ 25. Qxc1 Nxe7 26. d6 Nf5 27. d7 Rd8 28. Qc8 Rxc8 29. dxc8=Q+ 1-0

[Event "3. kolo JP družstev 2019/2020"]
[Site "Jesenik, Czech Republic"]
[Date "2019.11.09"]
[Round "1.15"]
[White "Bilek, Adam RET_C"]
[Black "Hutnik, Jan SKO"]
[Result "0-1"]
[TimeControl "3600+10"]
[WhiteElo "1000"]
[BlackElo "1000"]

1. e4 e5 2. Nf3 Nc6 3. Nc3 Nf6 4. Bb5 Bb4 5. Bxc6 bxc6 6. Nxe5 O-O 7. O-O Ba6 8. d3 Bxc3 9. bxc3 c5 10.
Bg5 Re8 11. Bxf6 Qxf6 12. Nf3 c4 13. e5 Qg6 14. Qd2 Bb7 15.
Qg5 Qxg5 16. Nxg5 Rxe5 17. Rab1 Rxg5 18. Rxb7 cxd3 19. Rfb1 h6 20. cxd3 Re5 21. h3 c6 22. Rxd7 Rd5 23.
Rxd5 cxd5 24. c4 Rd8 25. c5 Rc8 26. Rb5 Rc6 27. d4 Re6 28. c6 Rxc6 29. Rxd5 Kf8 30. f3 Ke7 31. Kf2 Rc2+ 32. Ke3 Rxa2 33. g4 a5 34. Ke4 a4 35. Ra5 Ra1 36.
Ra7+ Kf8 37. Kd5 g6 38. Kc6 a3 39. d5 a2 40. Kd6 Kg7 41. Ke7 Re1+ 42. Kd6 a1=Q 43. Rxa1 Rxa1 44. Ke7 Ra7+ 45. Kd6 Kf6 46. f4 Ra6+ 47. Kc5 Ke7 48. h4 Kd7 49. g5 hxg5 50. hxg5 Ra5+ 51. Kd4 Kd6 52. Ke4 Ra4+ 53. Kf3 Kxd5 54.
Kg4 Ke6 55. Kf3 Kf5 56. Kg3 Ra3+ 57.
Kh4 Ra4 58. Kg3 Rxf4 59. Kh3 Kxg5 60. Kg3 Ra4 61. Kf3 Kf5 62. Ke3 Ke5 63. Kd3 Kd5 64. Ke3 g5 65. Kf3 Ke5 66. Kg3 Kf5 67. Kf3 Ra3+ 68. Kg2 Kf4 69. Kf2 Ra2+ 70. Ke1 Kf3 71. Kf1 Ra1# 0-1